 Dungeon Crawl Stone Soup version 0.16-a0-3699-g1c51eb1 (console) character file.

261 MrRokkomies the Insei (level 6, 0/38 HPs)
             Began as an Octopode Transmuter on Jan 18, 2015.
             Slain by an orc (3 damage)
             ... on level 3 of the Dungeon.
             The game lasted 00:10:52 (3104 turns).

MrRokkomies the Insei (Octopode Transmuter)         Turns: 3104, Time: 00:10:53

Health: 0/38       AC:  1    Str: 15    XL:     6   Next: 18%
Magic:  18/19      EV: 12    Int: 17    God:
Gold:   173        SH:  0    Dex: 12    Spells: 2 memorised, 5 levels left

rFire  . . .     SeeInvis .       - Unarmed
rCold  . . .     Clarity  +     (no shield)
rNeg   . . .     SustAb   .     (helmet restricted)
rPois  .         Gourm    .     n - amulet of clarity
rElec  .         Spirit   .     (no ring)
rCorr  .         Warding  .     p - ring of magical power
rMut   .         Stasis   .     (no ring)
MR     .....                    (no ring)
Stlth  ++++......               (no ring)
                                (no ring)
                                (no ring)
                                (no ring)

@: mighty, appendage, not resistant to hostile enchantments, stealthy
A: almost no armour, amphibious, 8 rings, constrict 8, tentacle spike 3,
camouflage 1, gelatinous body 1
a: End Transformation


You were on level 3 of the Dungeon.
You were not hungry.
One of your tentacles had a temporary spike.
You visited 1 branch of the dungeon, and saw 3 of its levels.

You collected 173 gold pieces.

Inventory:

Missiles
 b - 12 arrows
 c - 10 stones
 g - 6 javelins (quivered)
Jewellery
 n - an amulet of clarity (around mantle)
 o - a -3 ring of intelligence
 p - a ring of magical power (right tentacle)
 q - an uncursed amulet of resist mutation {unknown}
Scrolls
 f - a scroll of blinking
 k - 2 scrolls of immolation
Potions
 e - a potion of restore abilities
 j - a potion of cancellation {unknown}
 r - a potion of berserk rage {unknown}
 s - a potion of ambrosia {unknown}
Books
 d - a book of Changes

   Spells                             Type                      Level
   a - Beastly Appendage              Transmutation                1
   b - Sticks to Snakes               Transmutation                2
   c - Spider Form                    Transmutation/Poison         3
   d - Ice Form                       Ice/Transmutation            4
   e - Blade Hands                    Transmutation                5
Comestibles
 a - a bread ration
 h - a beef jerky
 l - 3 fruits
 m - a meat ration


   Skills:
 - Level 1.2 Fighting
 * Level 3.2 Throwing
 - Level 2.0 Dodging
 + Level 3.8 Stealth
 * Level 4.8 Unarmed Combat
 - Level 2.0 Spellcasting
 - Level 2.0 Transmutations


You had 5 spell levels left.
You knew the following spells:

 Your Spells              Type           Power        Failure   Level  Hunger
a - Beastly Appendage     Trmt           #.....       10%         1    #......
b - Spider Form           Trmt/Pois      #.........   38%         3    ###....


Dungeon Overview and Level Annotations

Branches:
Dungeon (3/15)

Altars:
Qazlal
Xom


Innate Abilities, Weirdness & Mutations

You cannot wear most types of armour.
You are amphibious.
You can wear up to eight rings at the same time.
You can use your tentacles to constrict many enemies at once.
Your skin changes colour to match your surroundings (Stealth).
Your rubbery body absorbs attacks (AC +1).
One of your tentacles bears a large vicious spike.


Message History

You bludgeon the orc!
You kill the orc!
The orc throws a tomahawk.
The tomahawk hits you. The orc barely misses you. The orc hits you.
* * * LOW HITPOINT WARNING * * *
Found a stone staircase leading down.
You are too injured to fight recklessly!
You are too injured to fight recklessly!
You are too injured to fight recklessly!
Drink which item? (? for menu, Esc to quit)
It was a potion of might.
You feel very mighty all of a sudden. The orc barely misses you.
The orc closely misses you.
Casting: Beastly Appendage
Confirm with . or Enter, or press ? or * to list all spells.
One of your tentacles grows a vicious spike.
The orc closely misses you. The orc hits you with a hand axe.
* * * LOW HITPOINT WARNING * * *
You barely miss the orc. Your grab misses the orc. The orc hits you.
You die...

### .)# .# #.# .. .# #.#
#... .# #.# #...####.#
#.#######.#...#....###
....................>#
#.#####.#.#.<...oo.#
#... .......#..@#
#######.#.#.###).#######
...†.)......#..(.......#
.######.#.#.#.#(....##.#
.# ###....)......#....#
.. #.........#...#.###
#.#####.#.#..)......#
.......)†.#.#..<#.#.#
#.#####†###.#.###.#.#


You could see 2 orcs.

Vanquished Creatures
  An orc priest (D:3)
  An orc wizard (D:3)
  Robin (D:2)
  6 adders
  6 worms
  An ooze (D:2)
  3 giant geckos
  15 orcs (D:3)
  4 giant cockroaches (D:1)
  10 goblins
  12 hobgoblins
  2 quokkas
  A ball python (D:1)
  8 bats
  A giant newt (D:3)
  6 kobolds
  7 rats
85 creatures vanquished.

Notes
Turn   | Place    | Note
--------------------------------------------------------------
     0 | D:1      | MrRokkomies, the Octopode Transmuter, began the quest for the Orb.
     0 | D:1      | Reached XP level 1. HP: 13/13 MP: 3/3
   231 | D:1      | Reached XP level 2. HP: 16/18 MP: 4/4
   552 | D:1      | Reached skill level 1 in Stealth
   747 | D:1      | Reached skill level 1 in Throwing
   815 | D:2      | Reached XP level 3. HP: 12/23 MP: 6/6
   817 | D:2      | Noticed Robin
   826 | D:1      | HP: 1/23 [hobgoblin/club (1)]
  1160 | D:1      | Learned a level 3 spell: Spider Form
  1713 | D:2      | Killed Robin
  1906 | D:2      | Reached XP level 4. HP: 14/28 MP: 5/7
  2091 | D:1      | Reached skill level 4 in Unarmed Combat
  2141 | D:2      | Found a shimmering altar of Xom.
  2228 | D:2      | Reached XP level 5. HP: 25/33 MP: 9/9
  2456 | D:2      | Found a stormy altar of Qazlal.
  2968 | D:3      | Reached XP level 6. HP: 35/38 MP: 10/10
  3104 | D:3      | Slain by an orc

Action                   |  1- 3 |  4- 6 || total
-------------------------+-------+-------++-------
Melee: Unarmed           |    81 |   118 ||   199
Throw: Javelin           |     4 |    29 ||    33
 Cast: Beastly Appendage |     5 |     6 ||    11
  Use: Scroll            |     1 |     6 ||     7
       Potion            |     2 |     1 ||     3
 Stab: Sleeping          |     1 |     3 ||     4
  Eat: Chunk             |     3 |     4 ||     7
